 Dungeon Crawl Stone Soup version 0.30.2 (webtiles) character file.

Game seed: 18331642794769230099

628 Ashen the Trooper (level 7, -1/71 HPs)
             Began as an Ogre Warper on Jan 20, 2024.
             Succumbed to a death drake's foul vapour
             ... on level 2 of the Abyss.
             The game lasted 00:21:40 (6151 turns).

Ashen the Trooper (Ogre Warper)                     Turns: 6151, Time: 00:21:40

Health: -1/71      AC:  5    Str: 16    XL:     7   Next: 48%
Magic:  11/13      EV: 10    Int: 22    God:
Gold:   198        SH:  0    Dex:  8    Spells: 4/14 levels left

rFire   . . .        v - +0 giant spiked club
rCold   . . .        (shield currently unavailable)
rNeg    + . .        b - +0 robe
rPois   .            (helmet restricted)
rElec   .            q - +1 cloak
rCorr   .            (gloves unavailable)
SInv    .            (boots unavailable)
Will    .....        (no amulet)
Stlth   ++           f - ring of positive energy
HPRegen 0.31/turn    t - +6 ring of intelligence
MPRegen 0.13/turn

%: no passive effects
@: lethally poisoned (-1 -> -15)
A: large, unfitting armour, tough skin 1
a: no special abilities


You were on level 2 of the Abyss.
You visited 1 branch of the dungeon, and saw 4 of its levels.
You visited the Abyss 1 time.

You collected 198 gold pieces.

Inventory:

Hand Weapons
 m - a +0 flail
 v - a +0 giant spiked club (weapon)
Missiles
 d - 7 boomerangs of dispersal (quivered)
Armour
 b - a +0 robe (worn)
 q - a +1 cloak (worn)
Jewellery
 f - a ring of positive energy (left hand)
 t - a +6 ring of intelligence (right hand)
Wands
 s - a wand of polymorph (4)
Scrolls
 j - a scroll of amnesia {unknown}
 k - a scroll of acquirement {unknown}
 n - a scroll of brand weapon {unknown}
 r - a scroll of torment {unknown}
Potions
 a - a potion of magic {unknown}
 g - a potion of berserk rage {unknown}
 i - 2 potions of attraction
 l - a potion of invisibility
 o - a potion of flight
 p - a potion of degeneration {unknown}
 u - a potion of brilliance {unknown}


   Skills:
 + Level 4.8 Fighting
 + Level 3.3 Maces & Flails
 - Level 1.0 Throwing
 + Level 3.5 Dodging
 + Level 2.3 Stealth
 + Level 4.2 Spellcasting
 + Level 4.0 Translocations


You had 4 spell levels left.
You knew the following spells:

 Your Spells              Type           Power      Damage    Failure   Level
a - Blink                 Tloc           44%        N/A       3%          2
b - Lesser Beckoning      Tloc           44%        N/A       3%          2
c - Teleport Other        Tloc           22%        N/A       6%          3
d - Vhi's Electric Charg  Tloc/Air       26%        N/A       14%         3

Your spell library contained the following spells:

 Spells                   Type           Power      Damage    Failure   Level
 Gell's Gravitas          Tloc           22%        N/A       6%          3
 Manifold Assault         Tloc           22%        N/A       21%         4
 Inner Flame              Hex/Fire       4%         N/A       32%         3
 Summon Ice Beast         Ice/Summ       4%         N/A       73%         4
 Summon Mana Viper        Hex/Summ       4%         N/A       97%         5
 Yara's Violent Unravell  Hex/Tmut       2%         3d3       97%         5
 Dispersal                Tloc           11%        N/A       97%         6
 Enfeeble                 Hex            2%         N/A       100%        7
 Monstrous Menagerie      Summ           2%         N/A       100%        7


Dungeon Overview and Level Annotations

Branches:
Dungeon (4/15)
 Temple: D:4-7

Altars:
Kikubaaqudgha
Zin

Annotations:
D:3 1 runed translucent door, Grinder; diceflayer's ghost, amateur DsFi
D:4 Robin


Innate Abilities, Weirdness & Mutations

You are too large for most types of armour.
You have tough skin. (AC +1)


Message History

Found a gateway leading deeper into the Abyss.
There is a gateway leading deeper into the Abyss here.
You plunge deeper into the Abyss.
A smoke demon comes into view.
A neqoxec comes into view.
The neqoxec shouts!
A small abomination comes into view.
The small abomination attacks as you move away!
The small abomination hits you!! x2
The small abomination attacks as you move away!
The small abomination hits you!
The small abomination attacks as you move away!
The small abomination closely misses you.
The small abomination hits you.
* * * LOW HITPOINT WARNING * * *
Casting: Teleport Other (dangerous; 6% risk of failure)
Confirm with . or Enter, or press ? or * to list all spells.
Aiming: Teleport Other (dangerous; 6% risk of failure)
Press: ? - help, Shift-Dir - straight line, f - small abomination
Aim: a small abomination (chance to affect: 45%)
Okay, then.
Casting: Teleport Other (dangerous; 6% risk of failure)
Confirm with . or Enter, or press ? or * to list all spells.
You blink.
A death drake comes into view.
The death drake hisses angrily.
The death drake breathes miasma at you. The foul vapour engulfs you!
You are lethally poisoned!
* * * LOW HITPOINT WARNING * * *
Blink to where?
Press: ? - help, Dir - move target
As you read the scroll of blinking, it crumbles to dust.
You feel stable enough to blink again.
* * * LOW HITPOINT WARNING * * *
You feel very sick.
A white imp comes into view.
* * * LOW HITPOINT WARNING * * *
You feel very sick.
You die...

#.. ...## .# 5 ....
#.. #.#... . # ##..
#..# ..#. ..... ..#
.##.# #.....##..#
#.... #...@#.###......
#.#. #........#...#
...# . #..#..........
#.##.
#........#####.##.#...
#.#..#.#...... ....#..
##....#.#......#.#.#.
###.. . ##...#....##.
### .. ....#..## .
.#.#.#.°○x#..3.


There were no monsters in sight!

Vanquished Creatures
  A sky beast (D:4)
  A phantom (D:3)
  3 vampire bats (D:3)
  A hound (D:4)
  2 iguanas (D:4)
  Natasha (twice) (D:3)
  An orc wizard (D:4)
  4 gnolls
  4 adders
  3 worms
  4 dart slugs
  4 orcs
  15 bats
  2 endoplasms
  4 giant cockroaches
  7 hobgoblins
  2 jackals (D:3)
  4 quokkas
  8 ball pythons
  5 frilled lizards
  20 goblins
  4 kobolds
  5 rats
106 creatures vanquished.

Notes
Turn   | Place    | Note
-------+----------+-------------------------------------------
     0 | D:1      | Ashen the Ogre Warper began the quest for the Orb.
     0 | D:1      | Reached XP level 1. HP: 22/22 MP: 3/3
   192 | D:1      | Reached XP level 2. HP: 29/29 MP: 3/5
   694 | D:1      | Reached XP level 3. HP: 34/37 MP: 7/7
   755 | D:1      | Found a faded altar of an unknown god.
  1058 | D:1      | Learned a level 2 spell: Blink
  1061 | D:1      | Learned a level 2 spell: Lesser Beckoning
  1065 | D:1      | Learned a level 3 spell: Teleport Other
  1480 | D:2      | Found a glowing silver altar of Zin.
  1513 | D:2      | Reached skill level 1 in Stealth
  1688 | D:3      | Noticed a phantom
  1802 | D:3      | Found an ancient bone altar of Kikubaaqudgha.
  1864 | D:3      | Reached XP level 4. HP: 25/45 MP: 8/8
  2022 | D:3      | Killed a phantom
  2023 | D:3      | Reached XP level 5. HP: 17/54 MP: 3/9
  2313 | D:3      | Reached XP level 6. HP: 59/62 MP: 11/11
  2473 | D:3      | Noticed Natasha
  2578 | D:3      | HP: 4/93 [Natasha (5)]
  2584 | D:3      | Killed Natasha
  2968 | D:3      | Found a runed translucent door.
  3097 | D:3      | Noticed diceflayer's ghost (amateur DsFi)
  3159 | D:3      | Found a runed translucent door.
  3367 | D:3      | Noticed Natasha
  3397 | D:3      | Learned a level 3 spell: Vhi's Electric Charge
  3547 | D:3      | Found an ancient bone altar of Kikubaaqudgha.
  4009 | D:4      | Noticed Grinder
  4105 | D:4      | Paralysed by Grinder for 4 turns
  4120 | D:3      | Paralysed by Grinder for 4 turns
  4527 | D:4      | Noticed Robin
  4855 | D:4      | Reached XP level 7. HP: 71/71 MP: 9/12
  4998 | D:3      | Natasha changed into Natasha the bat
  4998 | D:3      | Noticed Natasha
  5010 | D:3      | Paralysed by Grinder for 3 turns
  5014 | D:3      | Grinder changed into Grinder the hellwing
  5014 | D:3      | Noticed Grinder
  5282 | D:3      | Killed Natasha the bat
  5645 | D:3      | Noticed Natasha
  5800 | D:3      | Killed Natasha
  5917 | D:3      | Found a runed translucent door.
  6080 | Abyss:1  | Cast into level 1 of the Abyss (Robin)
  6095 | Abyss:1  | Noticed a chaos spawn
  6129 | Abyss:2  | Noticed a smoke demon
  6136 | Abyss:2  | Noticed a neqoxec
  6137 | Abyss:2  | Noticed a small abomination
  6147 | Abyss:2  | Noticed a death drake
  6150 | Abyss:2  | HP: 3/71 [poisoned by a death drake (foul vapour)]
  6151 | Abyss:2  | Succumbed to a death drake's foul vapour

Illustrated notes

Levels and vault maps discovered:
D:1:      lightli_arrival_boilingwater, layout_basic,
          hellmonk_ecumenical_altar_defaced_shrine
D:2:      layout_basic, basic_altar
D:3:      layout_rooms, nicolae_kikubaaqudgha_miasma_corner,
          ebering_ghost_sewer_d, hangedman_decor_points, roderic_batcave,
          nrook_campfire, kennysheep_generic_room_4, uniq_natasha
D:4:      layout_rooms, grunt_ministairs_9, small_statue_intersection,
          uniq_grinder, uniq_robin
Abyss:2:  base: D:4, base:
D:2

Skill      XL: |  1  2  3  4  5  6  7 |
---------------+----------------------+-----
Fighting       | 3 4 |  4.8
Maces & Flails | 2 3 |  3.3
Translocations | 3 4 |  4.0
Stealth        | 1 2 |  2.3
Spellcasting   | 3 4 |  4.2
Dodging        | 3 |  3.5
Throwing       | |  1.0

Action                     |  1- 3 |  4- 6 |  7- 9 || total
---------------------------+-------+-------+-------++-------
  Melee: Mace              |    87 |       |       ||    87
         Punch             |     1 |     2 |       ||     3
         Flail             |    76 |   259 |     3 ||   338
         Giant spiked club |       |       |    67 ||    67
   Cast: Teleport Other    |     1 |    22 |    14 ||    37
         Blink             |       |       |     1 ||     1
  Evoke: Wand              |       |       |     3 ||     3
    Use: Potion            |       |     7 |       ||     7
         Scroll            |       |     4 |     4 ||     8
   Stab: Sleeping          |       |     2 |       ||     2
 Armour: Robe              |    72 |   123 |    38 ||   233
         Skin              |       |    15 |       ||    15
  Dodge: Dodged            |    91 |   179 |    45 ||   315
